 Dungeon Crawl Stone Soup version 0.30-a0-737-gf23d94013f (webtiles) character file.

Game seed: 11757289079699959837

2876 timneilson the Covered (level 9, -2/57 HPs)
             Began as a Gargoyle Fighter on Feb 3, 2023.
             Was a Believer of Okawaru.
             Slain by a troll (11 damage)
             ... on level 8 of the Dungeon.
             The game lasted 00:14:30 (5849 turns).

timneilson the Covered (Gargoyle Fighter)           Turns: 5849, Time: 00:14:32

Health: -2/57      AC: 16    Str: 25    XL:     9   Next: 76%
Magic:  11/11      EV: 14    Int:  8    God:    Okawaru [**....]
Gold:   260        SH:  9    Dex:  9    Spells: 8/8 levels left

rFire   . . .      SeeInvis +    p - +0 scimitar
rCold   . . .      Faith    .    o - +0 kite shield
rNeg    + . .      Spirit   .    b - +0 scale mail
rPois   ∞          Reflect  .    (no helmet)
rElec   +          Harm     .    q - +1 cloak
rCorr   .          Rampage  .    (no gloves)
Will    .....                    (no boots) Stlth
                                 (no amulet)
HPRegen 0.29/turn                g - +5 ring of evasion
MPRegen 0.12/turn                r - ring of see invisible

@: hasted, studying Fighting, very quick
A: sickness immunity, AC +6, negative energy resistance 1, electricity
resistance, torment resistance 1, petrification resistance
a: Renounce Religion, Heroism


You were on level 8 of the Dungeon.
You worshipped Okawaru.
Okawaru was pleased with you.
You visited 2 branches of the dungeon, and saw 9 of its levels.

You collected 260 gold pieces.

Inventory:

Hand Weapons
 a - a +0 long sword
 p - a +0 scimitar (weapon)
Missiles
 i - a throwing net (quivered)
Armour
 b - a +0 scale mail (worn)
 o - a +0 kite shield (worn)
 q - a +1 cloak (worn)
Jewellery
 g - a +5 ring of evasion (left hand)
 n - a ring of protection from fire
 r - a ring of see invisible (right hand)
Scrolls
 e - 4 scrolls of fear
 f - 2 scrolls of fog
 v - a scroll of magic mapping
Potions
 c - a potion of cancellation
 d - a potion of might
 h - 3 potions of flight
 j - 2 potions of invisibility
 k - a potion of mutation
 l - a potion of lignification
 s - a potion of brilliance


   Skills:
 + Level 7.4 Fighting
 * Level 5.9 Long Blades
 * Level 7.9 Armour
 + Level 3.5 Dodging
 * Level 7.7 Shields
 + Level 3.0 Invocations


You had 8 spell levels left.
You didn't know any spells.
Your spell library contained the following spells:

 Spells                   Type           Power      Damage    Failure   Level
 Beastly Appendage        Tmut           0%         N/A       93%         1
 Lesser Beckoning         Tloc           0%         N/A       98%         2
 Wereblood                Tmut           0%         N/A       98%         2
 Gell's Gravitas          Tloc           0%         N/A       100%        3
 Spider Form              Tmut/Pois      0%         N/A       100%        3
 Teleport Other           Tloc           0%         N/A       100%        3
 Sublimation of Blood     Necr           Unusable   N/A       N/A         2
 Summon Hydra             Summ           Unusable   N/A       N/A         7

Dungeon Overview and Level Annotations

Branches:
Dungeon (8/15)             Temple (1/1) D:6
   Lair: D:8-11

Altars:
Ashenzari
Cheibriados
Elyvilon
Fedhas
Gozag
Hepliaklqana
Kikubaaqudgha
Nemelex Xobeh
Okawaru
Qazlal
Ru
Sif Muna
Trog
Uskayaw
Vehumet
Wu Jian
Xom
Yredelemnul
The Shining One

Shops:
D:2 **=[(   D:5 [   D:6 [


Innate Abilities, Weirdness & Mutations

You are immune to sickness and miasma.
Your stone body is resilient. (AC +6)
You are immune to poison.
You resist negative energy. (rN+)
You are resistant to electric shocks. (rElec)
You are resistant to unholy torment.
You are immune to petrification.


Message History

You hear a bark!
You block the troll's attack. The troll claws you.
You block the troll's attack. The troll closely misses you.
You block the troll's attack. x2
You closely miss the troll.
The troll is moderately wounded.
The troll bites you! The troll barely misses you. The troll claws you!
You slash the troll!
The troll is heavily wounded.
The troll bites you but does no damage. You block the troll's attack.
The troll claws you but does no damage.
You closely miss the troll.
The troll is heavily wounded.
A hound comes into view.
The troll bites you but does no damage. The troll claws you but does no damage.
The troll claws you!
You slash the troll!
The troll is severely wounded.
A steam dragon comes into view.
The troll bites you.
* * * LOW HITPOINT WARNING * * *
The troll closely misses you. The troll barely misses you.
You feel yourself speed up.
The steam dragon hisses angrily.
An electric eel comes into view.
You block the troll's attack. The troll closely misses you.
The troll claws you.
* * * LOW HITPOINT WARNING * * *
You closely miss the troll.
The troll is severely wounded.
The troll closely misses you. The troll barely misses you.
You block the troll's attack.
You hit the troll.
The troll is severely wounded.
You block the troll's attack. The troll claws you but does no damage.
The troll misses you.
You slash the troll!
The troll is almost dead.
The troll barely misses you. The troll claws you!
You die...

...≈~~≈
.!≈≈≈≈~
..~~S~≈
.......
..~~~~~ #####
.....≈≈
#.<.###h.~S≈≈≈
#.#.@Thh..~≈~≈
#...###D....≈~
#########.##
....~..
..........#
.......
###########
##.#... .. ..
.. . ...


You could see a troll, a steam dragon, 3 hounds and an electric eel.

Vanquished Creatures
  Pikel (D:5)
  Maggie (D:7)
  Grinder (D:3)
  Prince Ribbit (D:7)
  Edmund (D:4)
  An acid dragon (D:7)
  2 black bears
  2 ice beasts (D:7)
  A sky beast (D:7)
  A lemure (D:5)
  A scorpion (D:5)
  6 wights
  3 killer bees (D:5)
  A howler monkey (D:5)
  A jelly (D:5)
  3 hounds (D:5)
  Crazy Yiuf (D:7)
  A gnoll bouda (D:7)
  3 iguanas
  2 orc wizards
  4 gnolls (D:7)
  5 adders
  A shadow imp (D:7)
  2 ufetubi
  5 dart slugs
  11 orcs
  4 ball pythons
  3 bats
  7 endoplasms
  6 giant cockroaches
  5 goblins
  6 hobgoblins
  7 jackals (D:1)
  7 quokkas
  5 frilled lizards
  6 kobolds
  3 rats
121 creatures vanquished.

Notes
Turn   | Place    | Note
-------+----------+-------------------------------------------
     0 | D:1      | timneilson the Gargoyle Fighter began the quest for the
                  | Orb.
     0 | D:1      | Reached XP level 1. HP: 14/14 MP: 1/1
    61 | D:1      | Reached XP level 2. HP: 11/19 MP: 2/2
   433 | D:1      | Reached XP level 3. HP: 23/23 MP: 3/3
   497 | D:2      | Found Zamusol's Weapon Emporium.
   550 | D:2      | Found Ypsoitho's Antique Armour Shoppe.
   598 | D:2      | Found Manur's Jewellery Emporium.
   599 | D:2      | Found Noah's General Store.
   677 | D:2      | Found Iqur's Assorted Antiques.
   767 | D:2      | Reached XP level 4. HP: 20/28 MP: 4/4
  1091 | D:2      | Identified the +9 dagger "Cuthaadgh" {freeze, rPois Str+5}
  1173 | D:3      | Identified the +7 sling of Distant Worlds {drain, rC+}
  1425 | D:3      | Noticed Grinder
  1438 | D:3      | Paralysed by Grinder for 4 turns
  1449 | D:3      | Paralysed by Grinder for 2 turns
  1464 | D:3      | Killed Grinder
  1465 | D:3      | Reached skill level 1 in Dodging
  1465 | D:3      | Reached XP level 5. HP: 19/33 MP: 5/5
  1465 | D:3      | Reached XP level 6. HP: 22/38 MP: 6/6
  1817 | D:3      | Found a glowing golden altar of the Shining One.
  1831 | D:3      | Identified a scroll of acquirement
  1831 | D:3      | Acquired a manual of Fighting
  2052 | D:4      | Noticed Edmund
  2076 | D:4      | Killed Edmund
  2077 | D:4      | Reached skill level 5 in Armour
  2077 | D:4      | Reached skill level 5 in Shields
  2077 | D:4      | Reached XP level 7. HP: 44/44 MP: 7/7
  2624 | D:5      | Entered Level 5 of the Dungeon
  2698 | D:5      | Found Eqinirung's Antique Armour Emporium.
  2862 | D:5      | Reached skill level 5 in Fighting
  2898 | D:5      | Reached XP level 8. HP: 49/49 MP: 8/8
  3525 | D:6      | Found a staircase to the Ecumenical Temple.
  3536 | Temple   | Entered the Ecumenical Temple
  3722 | Temple   | Became a worshipper of Warmaster Okawaru
  3799 | D:6      | Noticed Pikel
  3834 | D:5      | Killed Pikel
  3835 | D:5      | Reached skill level 5 in Long Blades
  3835 | D:5      | Reached skill level 1 in Invocations
  4120 | D:6      | Found Aklihamp's Armour Emporium.
  4168 | D:6      | Reached XP level 9. HP: 43/56 MP: 10/10
  4181 | D:6      | Reached * piety under Okawaru
  4439 | D:7      | Found a runed translucent door.
  4440 | D:7      | Noticed Crazy Yiuf
  4450 | D:7      | Killed Crazy Yiuf
  4915 | D:7      | Noticed Maggie
  4929 | D:7      | Killed Maggie
  5208 | D:7      | Noticed Prince Ribbit
  5249 | D:7      | Killed Prince Ribbit
  5350 | D:7      | Reached ** piety under Okawaru
  5832 | D:8      | Noticed a troll
  5849 | D:8      | Slain by a troll

Illustrated notes

Levels and vault maps discovered:
D:1:      lightli_arrival_flooded_house, layout_basic
D:2:      layout_rooms, serial_shops, shop,
          nicolae_shop_temple_entry_statues_fountains,
          nicolae_shop_bloodbath_and_beyond, nicolae_square_shop,
          nicolae_shop_statue_plus
D:3:      layout_basic, tso_oasis_becter, uniq_grinder
D:4:      layout_loops_cross, uniq_edmund
D:5:      layout_loops_ring, serial_shops, nicolae_stop_n_shop_1
D:6:      layout_gridville, minmay_temple_entry_large_hall, serial_shops,
          nicolae_shop_hallway_plus, uniq_pikel
D:7:      layout_basic, uniq_crazy_yiuf_cottage, uniq_maggie,
          uniq_prince_ribbit1
D:8:      layout_loops_ring, erik_lair_island
Temple:   regret_index_temple_mists

Skill      XL: |  1  2  3  4  5  6  7  8  9 |
---------------+----------------------------+-----
Long Blades    | 2 3 4 5 |  5.9
Armour         | 4 5 6 7 |  7.9
Shields        | 4 5 6 7 |  7.7
Fighting       | 4 5 6 7 |  7.4
Dodging        | 1 2 3 |  3.5
Invocations    | 1 3 |  3.0

Action                     |  1- 3 |  4- 6 |  7- 9 || total
---------------------------+-------+-------+-------++-------
  Melee: Long sword        |   131 |   153 |    48 ||   332
         Scimitar          |       |       |   453 ||   453
    Use: Scroll            |     4 |     9 |     8 ||    21
         Potion            |       |     4 |     7 ||    11
 Armour: Scale mail        |    93 |    98 |   210 ||   401
  Dodge: Dodged            |    73 |    78 |   319 ||   470
  Block: Buckler           |    41 |    26 |       ||    67
         Kite shield       |       |    39 |   269 ||   308

Table legend: (Time is in decaauts)
 A = Elapsed time spent in this place.
 B = Non-inter-level travel time spent in this place.
 C = Inter-level travel time spent in this place.
 D = Time resting spent in this place.
 E = Time spent auto-exploring this place.
 F = Levels seen in this place.
 G = Mean time per level.
                   A        B        C        D        E       F      G
               +--------+--------+--------+--------+--------+-----+--------+
         Total |   6174 |   5937 |    237 |    278 |   3880 |   9 |  686.0 |
       Dungeon |   5907 |   5737 |    170 |    278 |   3707 |   8 |  738.4 |
        Temple |    266 |    199 |     67 |      0 |    173 |   1 |  266.0 |
               +--------+--------+--------+--------+--------+-----+--------+

Top non-repeatable levels by time:
     D:7: 1442 daAuts
     D:5: 1082 daAuts
     D:3: 796 daAuts
     D:4: 757 daAuts
     D:2: 683 daAuts
     D:6: 605 daAuts
     D:1: 512 daAuts
  Temple: 266 daAuts
     D:8: 28 daAuts
